3L
ECHO PARK LAKERS @ MONTANA PANDAS
08/08/2042
 
TOP OF THE 1ST
Echo Park Lakers batting - Pitching for Montana Pandas : LHP Hervé Favier
Pitching: LHP Hervé Favier
Batting: RHB Tony Calhoun 0-0: Called Strike
0-1: Called Strike
0-2: Fly out, F7 (Flyball, 78S, EV 85.6 MPH)
Batting: RHB Silverberry Mouhon 0-0: Ball
1-0: Foul Ball, location: 2F
1-1: Foul Ball, location: 2F
1-2: Ball
2-2: Fly out, F9 (Flyball, 9LM, EV 96.9 MPH)
Batting: RHB Maema Njongmeta 0-0: Ball
1-0: Called Strike
1-1: Called Strike
1-2: SOLO HOME RUN (Line Drive, 7LD, EV 106.9 MPH), Distance : 336 ft
Batting: LHB Philip Todd 0-0: Called Strike
0-1: Foul Ball, location: 2F
0-2: Foul Ball, location: 2F
0-2: Ball
1-2: Strikes out looking
Top of the 1st over - 1 run, 1 hit, 0 errors, 0 left on base; Echo Park 1 - Montana 0
BOTTOM OF THE 1ST
Montana Pandas batting - Pitching for Echo Park Lakers : LHP Luis Díaz
Pitching: LHP Luis Díaz
Batting: RHB Tony Randolph 0-0: Ball
1-0: SINGLE (Groundball, 56D, EV 101.9 MPH)
Batting: RHB Jon Moon 0-0: Ball
1-0: Ball
2-0: Ball
3-0: Base on Balls
Tony Randolph to second
Batting: RHB Edgar Baeza 0-0: Called Strike
0-1: Ball
1-1: Ball
2-1: Ball
3-1: Base on Balls
Tony Randolph to third
Jon Moon to second
Batting: SHB Gerrie Bond 0-0: Ball
1-0: Ball
2-0: Called Strike
2-1: Ball
Wild Pitch!
Tony Randolph scores
Jon Moon to third
Edgar Baeza to second
3-1: Base on Balls
Batting: LHB Bharti Mona 0-0: Foul Ball, location: 2F
0-1: SINGLE (Line Drive, 78S, EV 94.4 MPH)
Jon Moon scores
Edgar Baeza to third
Gerrie Bond to second
Batting: LHB António Casas 0-0: Ball
1-0: Foul Ball, location: 2F
1-1: Ball
2-1: GRAND SLAM HOME RUN (Line Drive, 9LD, EV 103.1 MPH), Distance : 339 ft
Batting: RHB Holden Ford 0-0: Ball
1-0: Swinging Strike
1-1: Ball
2-1: Swinging Strike
2-2: Foul Ball, location: 2F
2-2: Ball
3-2: Strikes out swinging
Batting: RHB José Santos 0-0: Fly out, F7 (Flyball, 78M, EV 82.5 MPH)
Batting: LHB Dean Jackson 0-0: Ball
1-0: SINGLE (Groundball, 34, EV 79.4 MPH) (infield hit)
Pitching: RHP Francisco Esposo
Batting: RHB Tony Randolph 0-0: Called Strike
0-1: Ball
1-1: Ball
2-1: Fielders Choice at 2nd, 6-4 (Groundball, 6, EV 78.1 MPH)
Bottom of the 1st over - 6 runs, 4 hits, 0 errors, 1 left on base; Echo Park 1 - Montana 6
TOP OF THE 2ND
Echo Park Lakers batting - Pitching for Montana Pandas : LHP Hervé Favier
Batting: RHB Joe Mueller 0-0: Swinging Strike
0-1: DOUBLE (Flyball, 8LXD, EV 105.0 MPH)
Batting: LHB Joe Schreibvogel 0-0: Called Strike
0-1: Fly out, F4 (Line Drive, 4, EV 74.4 MPH)
Batting: RHB Carlos Hernández 0-0: Ball
1-0: Called Strike
1-1: Ground out 4-3 (Groundball, 4, EV 81.9 MPH)
Joe Mueller to third
Batting: LHB Jonathan Winston 0-0: Ball
1-0: Fly out, F8 (Flyball, 8LXD, EV 105.6 MPH)
Top of the 2nd over - 0 runs, 1 hit, 0 errors, 1 left on base; Echo Park 1 - Montana 6
BOTTOM OF THE 2ND
Montana Pandas batting - Pitching for Echo Park Lakers : RHP Francisco Esposo
Batting: RHB Jon Moon 0-0: Ball
1-0: SINGLE (Line Drive, 34D, EV 107.5 MPH)
Batting: RHB Edgar Baeza 0-0: Ball
1-0: Ball
2-0: Foul Ball, location: 2F
2-1: Ball
3-1: Called Strike
3-2: Foul Ball, location: 2F
3-2: 2-RUN HOME RUN (Flyball, 7LD, EV 110.6 MPH), Distance : 334 ft
Batting: SHB Gerrie Bond 0-0: Ball
1-0: Ball
2-0: SINGLE (Groundball, 56D, EV 106.2 MPH)
Batting: LHB Bharti Mona 0-0: Fly out, F7 (Flyball, 7, EV 83.8 MPH)
Batting: LHB António Casas 0-0: Called Strike
0-1: SINGLE (Groundball, 4D, EV 105.6 MPH)
Gerrie Bond to second
Batting: RHB Holden Ford 0-0: Ball
1-0: Called Strike
1-1: Foul Ball, location: 2F
1-2: Foul Ball, location: 2F
1-2: Ball
2-2: Ball
3-2: Base on Balls
Gerrie Bond to third
António Casas to second
Batting: RHB José Santos 0-0: Called Strike
0-1: Called Strike
0-2: Ball
1-2: Ball
2-2: Ball
3-2: Fly out, F8 (Flyball, 89D, EV 101.9 MPH)
Runner from 3rd tags up, SCORES, no throw by CF
António Casas to third
Batting: LHB Dean Jackson 0-0: Ball
1-0: Foul Ball, location: 2F
1-1: Fly out, F7 (Flyball, 7S, EV 73.1 MPH)
Bottom of the 2nd over - 3 runs, 4 hits, 0 errors, 2 left on base; Echo Park 1 - Montana 9
TOP OF THE 3RD
Echo Park Lakers batting - Pitching for Montana Pandas : LHP Hervé Favier
Batting: LHB Ben Bullock 0-0: Ball
1-0: Ball
2-0: Ground out 4-3 (Groundball, 4S, EV 81.9 MPH)
Batting: RHB Tony Calhoun 0-0: Ball
1-0: Called Strike
1-1: Foul Ball, location: 2F
1-2: Ground out 6-3 (Groundball, 6, EV 82.5 MPH)
Batting: RHB Silverberry Mouhon 0-0: Ball
1-0: Ball
2-0: Ball
3-0: Base on Balls
Batting: RHB Maema Njongmeta 0-0: Called Strike
0-1: Ball
1-1: Foul Ball, location: 2F
1-2: Ball
2-2: Foul Ball, location: 2F
2-2: Ground out 4-3 (Groundball, 4, EV 99.4 MPH)
Top of the 3rd over - 0 runs, 0 hits, 0 errors, 1 left on base; Echo Park 1 - Montana 9
BOTTOM OF THE 3RD
Montana Pandas batting - Pitching for Echo Park Lakers : RHP Francisco Esposo
Batting: RHB Tony Randolph 0-0: Called Strike
0-1: Foul Ball, location: 2F
0-2: Ball
1-2: Ground out 6-3 (Groundball, 6, EV 85.0 MPH)
Batting: RHB Jon Moon 0-0: Ball
1-0: Ball
2-0: Ball
3-0: Fly out, F8 (Line Drive, 8LD, EV 106.2 MPH)
Batting: RHB Edgar Baeza 0-0: Hit by Pitch
Batting: SHB Gerrie Bond 0-0: Called Strike
0-1: Fielders Choice at 2nd, 6-4 (Groundball, 6, EV 81.9 MPH)
Bottom of the 3rd over - 0 runs, 0 hits, 0 errors, 1 left on base; Echo Park 1 - Montana 9
TOP OF THE 4TH
Echo Park Lakers batting - Pitching for Montana Pandas : LHP Hervé Favier
Batting: LHB Philip Todd 0-0: Called Strike
0-1: Called Strike
0-2: Strikes out swinging
Batting: RHB Joe Mueller 0-0: Called Strike
0-1: Fly out, F8 (Flyball, 78S, EV 87.5 MPH)
Batting: LHB Joe Schreibvogel 0-0: Ball
1-0: Swinging Strike
1-1: Fly out, F8 (Flyball, 8RS, EV 95.6 MPH)
Top of the 4th over - 0 runs, 0 hits, 0 errors, 0 left on base; Echo Park 1 - Montana 9
BOTTOM OF THE 4TH
Montana Pandas batting - Pitching for Echo Park Lakers : RHP Francisco Esposo
Batting: LHB Bharti Mona 0-0: Called Strike
0-1: Fly out, F8 (Flyball, 8RD, EV 86.9 MPH)
Batting: LHB António Casas 0-0: Called Strike
0-1: Foul Ball, location: 2F
0-2: Ground out 4-3 (Groundball, 4, EV 111.2 MPH)
Batting: RHB Holden Ford 0-0: Called Strike
0-1: Ball
1-1: Called Strike
1-2: Ground out 6-3 (Groundball, 6S, EV 85.6 MPH)
Bottom of the 4th over - 0 runs, 0 hits, 0 errors, 0 left on base; Echo Park 1 - Montana 9
TOP OF THE 5TH
Echo Park Lakers batting - Pitching for Montana Pandas : LHP Hervé Favier
Batting: RHB Carlos Hernández 0-0: Ground out 6-3 (Groundball, 6D, EV 109.4 MPH)
Batting: LHB Jonathan Winston 0-0: Ball
1-0: Ball
2-0: Called Strike
2-1: Foul Ball, location: 2F
2-2: Foul Ball, location: 2F
2-2: Foul Ball, location: 2F
2-2: Ball
3-2: Ground out U3 (Groundball, 3, EV 83.1 MPH)
Batting: LHB Ben Bullock 0-0: Ball
1-0: Ground out 3-1 (Groundball, 34, EV 106.9 MPH)
Top of the 5th over - 0 runs, 0 hits, 0 errors, 0 left on base; Echo Park 1 - Montana 9
BOTTOM OF THE 5TH
Montana Pandas batting - Pitching for Echo Park Lakers : RHP Francisco Esposo
Batting: RHB José Santos 0-0: Called Strike
0-1: SINGLE (Line Drive, 4M, EV 97.5 MPH)
Pitching: RHP Craig Wash
Batting: LHB Dean Jackson 0-0: Ball
1-0: Foul Ball, location: 2F
1-1: Ball
2-1: Swinging Strike
2-2: Ball
3-2: Fly out, F9 (Flyball, 9LS, EV 68.1 MPH)
Batting: RHB Tony Randolph 0-0: Ball
1-0: Ball
2-0: Ball
3-0: Called Strike
3-1: Fly out, F8 (Flyball, 8LM, EV 96.9 MPH)
Batting: RHB Jon Moon 0-0: Ball
1-0: Ball
2-0: Called Strike
2-1: Foul Ball, location: 2F
2-2: Fly out, F8 (Flyball, 8RM, EV 88.1 MPH)
Bottom of the 5th over - 0 runs, 1 hit, 0 errors, 1 left on base; Echo Park 1 - Montana 9
TOP OF THE 6TH
Echo Park Lakers batting - Pitching for Montana Pandas : LHP Hervé Favier
Batting: RHB Tony Calhoun 0-0: Ball
1-0: Fly out, F9 (Flyball, 9S, EV 86.9 MPH)
Batting: RHB Silverberry Mouhon 0-0: Ball
1-0: Foul Ball, location: 2F
1-1: Called Strike
1-2: Ground out 6-3 (Groundball, 6, EV 100.0 MPH)
Batting: RHB Maema Njongmeta 0-0: Called Strike
0-1: Foul Ball, location: 2F
0-2: Ball
1-2: Ball
2-2: Ball
3-2: Base on Balls
Batting: LHB Philip Todd 0-0: Called Strike
0-1: Ball
1-1: Ball
2-1: Ball
3-1: SINGLE (Groundball, 6MD, EV 97.5 MPH)
Maema Njongmeta to second
Batting: RHB Joe Mueller 0-0: Ball
1-0: Ball
2-0: Ball
3-0: 3-RUN HOME RUN (Line Drive, 7D, EV 105.0 MPH), Distance : 365 ft
Batting: LHB Joe Schreibvogel 0-0: Ball
1-0: Fly out, F9 (Flyball, 89XD, EV 91.9 MPH)
Top of the 6th over - 3 runs, 2 hits, 0 errors, 0 left on base; Echo Park 4 - Montana 9
BOTTOM OF THE 6TH
Montana Pandas batting - Pitching for Echo Park Lakers : RHP Craig Wash
Batting: RHB Edgar Baeza 0-0: Called Strike
0-1: Swinging Strike
0-2: Foul Ball, location: 2F
0-2: Strikes out swinging
Batting: SHB Gerrie Bond 0-0: SINGLE (Line Drive, 7S, EV 101.9 MPH)
Batting: LHB Bharti Mona 0-0: Ball
1-0: Ball
2-0: Called Strike
2-1: Ball
3-1: Foul Ball, location: 2F
3-2: Foul Ball, location: 2F
3-2: SINGLE (Line Drive, 8LS, EV 93.1 MPH)
Gerrie Bond to second
Runner from 2nd tries for 3rd, SAFE, throw by CF made to third
Batting: LHB António Casas 0-0: Called Strike
0-1: Ball
1-1: Called Strike
1-2: SINGLE (Line Drive, 6D, EV 95.6 MPH)
Gerrie Bond scores
Bharti Mona to second
Runner from 2nd tries for 3rd, SAFE, throw by LF made to third
Batting: RHB Holden Ford 0-0: DOUBLE (Groundball, 5L, EV 106.2 MPH)
Bharti Mona scores
António Casas to third
Runner from 3rd tries for Home, SAFE, no throw by LF
Batting: RHB José Santos 0-0: Ball
1-0: Ground out 1-3 (Groundball, 13, EV 66.2 MPH)
Holden Ford to third
Batting: LHB Dean Jackson 0-0: Ball
1-0: Swinging Strike
1-1: Swinging Strike
1-2: Ball
2-2: Strikes out swinging
Bottom of the 6th over - 3 runs, 4 hits, 0 errors, 1 left on base; Echo Park 4 - Montana 12
TOP OF THE 7TH
Echo Park Lakers batting - Pitching for Montana Pandas : LHP Hervé Favier
Batting: RHB Carlos Hernández 0-0: Swinging Strike
0-1: SINGLE (Line Drive, 34D, EV 98.1 MPH)
Pinch Hitting: RHB Ryoma Yamamoto 0-0: Ball
1-0: Grounds into double play, 5-4-3 (Groundball, 56S, EV 86.9 MPH)
Batting: LHB Ben Bullock 0-0: Ball
1-0: Ball
2-0: Ball
3-0: Called Strike
3-1: DOUBLE (Line Drive, 9LS, EV 109.4 MPH)
Pitching: LHP Gil Herrera
Pinch Hitting: LHB Ramón Torres 0-0: Swinging Strike
0-1: Ball
1-1: Ball
2-1: Ball
3-1: Called Strike
3-2: Ground out 2-3 (Groundball, 15S, EV 71.9 MPH)
Top of the 7th over - 0 runs, 2 hits, 0 errors, 1 left on base; Echo Park 4 - Montana 12
BOTTOM OF THE 7TH
Montana Pandas batting - Pitching for Echo Park Lakers : RHP Craig Wash
Now at 2B: Ryoma Yamamoto
Now at 3B: Komotay Koffie
Pinch Hitting: RHB Brit Davis 0-0: Called Strike
0-1: Ball
1-1: Ball
2-1: Ball
3-1: Base on Balls
Pitching: RHP Chun-mei Bao
Batting: RHB Jon Moon 0-0: Foul Ball, location: 2F
0-1: Foul Ball, location: 2F
0-2: Strikes out swinging
Batting: RHB Edgar Baeza 0-0: Ball
1-0: Ball
2-0: Fly out, F7 (Line Drive, 7, EV 93.1 MPH)
Batting: SHB Gerrie Bond 0-0: DOUBLE (Flyball, 89XD, EV 102.5 MPH)
Brit Davis to third
Runner from 3rd tries for Home, SAFE, throw by CF to home
Batting: LHB Bharti Mona 0-0: Ball
1-0: Called Strike
1-1: Swinging Strike
1-2: Ground out 5-3 (Groundball, 5, EV 90.6 MPH)
Bottom of the 7th over - 1 run, 1 hit, 0 errors, 1 left on base; Echo Park 4 - Montana 13
TOP OF THE 8TH
Echo Park Lakers batting - Pitching for Montana Pandas : LHP Gil Herrera
Now at SS: Brit Davis
Batting: RHB Silverberry Mouhon 0-0: Called Strike
0-1: Fly out, F8 (Flyball, 89D, EV 81.2 MPH)
Batting: RHB Maema Njongmeta 0-0: Ball
1-0: Called Strike
1-1: Ball
2-1: SINGLE (Groundball, 6D, EV 108.8 MPH)
Batting: LHB Philip Todd 0-0: Ball
1-0: Swinging Strike
1-1: Foul Ball, location: 2F
1-2: Ball
2-2: Strikes out looking
Batting: RHB Joe Mueller 0-0: Called Strike
0-1: Swinging Strike
0-2: Strikes out swinging
Top of the 8th over - 0 runs, 1 hit, 0 errors, 1 left on base; Echo Park 4 - Montana 13
BOTTOM OF THE 8TH
Montana Pandas batting - Pitching for Echo Park Lakers : RHP Chun-mei Bao
Batting: LHB António Casas 0-0: Ball
1-0: Foul Ball, location: 2F
1-1: Foul Ball, location: 2F
1-2: Strikes out looking
Batting: RHB Holden Ford 0-0: Foul Ball, location: 2F
0-1: Ball
1-1: Swinging Strike
1-2: Strikes out looking
Batting: RHB José Santos 0-0: SINGLE (Groundball, 6MD, EV 96.9 MPH)
Batting: LHB Dean Jackson 0-0: Called Strike
0-1: Foul Ball, location: 2F
0-2: Fly out, F8 (Flyball, 8LD, EV 95.6 MPH)
Bottom of the 8th over - 0 runs, 1 hit, 0 errors, 1 left on base; Echo Park 4 - Montana 13
TOP OF THE 9TH
Echo Park Lakers batting - Pitching for Montana Pandas : LHP Gil Herrera
Pinch Hitting: SHB Akihiko Fujii 0-0: Called Strike
0-1: Ground out 5-3 (Groundball, 56, EV 77.5 MPH)
Batting: RHB Carlos Hernández 0-0: Ball
1-0: Ball
2-0: Foul Ball, location: 2F
2-1: Ball
3-1: Foul Ball, location: 2F
3-2: Base on Balls
Batting: RHB Ryoma Yamamoto 0-0: Called Strike
0-1: Swinging Strike
0-2: Ball
1-2: Foul Ball, location: 2F
1-2: Foul Ball, location: 2F
1-2: Ball
2-2: Strikes out swinging
Batting: LHB Ben Bullock 0-0: Fielders Choice at 2nd, 5-4 (Groundball, 5L, EV 103.1 MPH)
Top of the 9th over - 0 runs, 0 hits, 0 errors, 1 left on base; Echo Park 4 - Montana 13
Friday, March 26th, 2021 - OOTP Baseball 20.8 Build 74